Map: Ephemeron LE

Players

Zest - Winner!

  • Race: Protoss Protoss
  • Spawn Location: 5:00

Hurricane

  • Race: Protoss Protoss
  • Spawn Location: 11:00

Event: IEM Katowice 2020

VOD

Have the link to the VOD?

Description

Time

  • Played on: Feb. 29, 2020, 6:36 a.m.
  • Length: 6:51

All games in this series

Show
View Real Time Build Order
Export as new Build Order

Zest Protoss - Winner!

Build Orders:  

Get SALT Encoding   

  12  0:00  Probe  
  13  0:12  Probe  
  14  0:17  Pylon  
  14  0:25  Probe (Chrono Boost)  
  15  0:36  Gateway  
  15  0:37  Probe (Chrono Boost)  
  16  0:44  Probe (Chrono Boost)  
  16  0:46  Assimilator  
  17  0:51  Probe  
  17  0:54  Assimilator  
  18  1:03  Probe (Chrono Boost)  
  19  1:07  Gateway  
  19  1:12  Probe (Chrono Boost)  
  19  1:17  Probe (Chrono Boost)  
  20  1:24  Cybernetics Core  
  21  1:29  Probe  
  22  1:35  Pylon  
  22  1:41  Probe  
  23  1:53  Probe  
  24  2:00  Robotics Facility  
  24  2:05  Stalker  
  26  2:09  Stalker  
  26  2:12  Warp Gate  
  28  2:19  Pylon  
  28  2:36  Stalker  
  29  2:44  Immortal (Chrono Boost)  
  33  3:01  Sentry  
  33  3:04  Shield Battery  
  35  3:11  Gateway  
  35  3:17  Warp Prism (Chrono Boost)  
  37  3:28  Pylon  
  37  3:31  Probe  
  39  3:51  Immortal  
  42  4:14  Stalker  
  44  4:19  Sentry  
  44  4:22  Pylon  
  46  4:31  Observer  
  47  4:42  Adept x3  
  47  4:45  Pylon  
  53  5:02  Nexus  
  53  5:07  Stargate  
  53  5:22  Pylon  
  53  5:29  Observer  
  53  5:40  Adept x3  
  59  5:52  Phoenix (Chrono Boost)  
  61  6:01  Pylon  
  61  6:08  Phoenix  
  61  6:09  Pylon  
  65  6:40  Adept x3  
Show
View Real Time Build Order
Export as new Build Order

Hurricane Protoss 

Build Orders:  

Get SALT Encoding   

  12  0:00  Probe  
  13  0:12  Probe  
  14  0:17  Pylon  
  14  0:24  Probe (Chrono Boost)  
  15  0:36  Probe (Chrono Boost), Gateway  
  16  0:44  Probe (Chrono Boost)  
  16  0:46  Assimilator  
  17  0:51  Probe  
  17  0:54  Assimilator  
  18  1:03  Probe (Chrono Boost)  
  19  1:08  Gateway  
  19  1:12  Probe (Chrono Boost)  
  19  1:18  Probe (Chrono Boost)  
  20  1:25  Cybernetics Core  
  21  1:30  Probe  
  22  1:36  Pylon  
  22  1:42  Probe  
  23  1:59  Pylon  
  24  2:01  Adept  
  24  2:03  Adept  
  24  2:06  Warp Gate (Chrono Boost)  
  27  2:09  Probe  
  28  2:21  Probe  
  29  2:33  Adept x2  
  33  2:59  Robotics Facility  
  33  3:04  Sentry x2  
  35  3:10  Gateway  
  35  3:15  Shield Battery  
  35  3:18  Pylon  
  35  3:22  Pylon  
  35  3:46  Immortal (Chrono Boost)  
  39  3:51  Stalker x2  
  43  3:57  Pylon  
  39  4:22  Warp Prism (Chrono Boost)  
  39  4:23  Sentry, Stalker  
  44  4:29  Stalker  
  46  4:44  Pylon  
  46  4:51  Adept x2  
  50  5:04  Immortal (Chrono Boost)  
  54  5:11  Pylon  
  54  5:19  Shield Battery  
  52  5:36  Adept  
  52  5:37  Adept  
  54  5:51  Gateway  
  54  5:52  Gateway  
  54  5:58  Stalker x2  
  58  6:08  Pylon  
  58  6:15  Pylon  
  54  6:38  Stalker  
  54  6:46  Zealot x2  

Tags
 
Add a new tag
Caveats
  • Supply blocks, unpowered buildings, or Contaminate may cause inaccurate times.
  • Supply counts are checked every 10 seconds.